AoeStats
← Mezzanine00

Arabia

503380913Analyzed
1v1 RM · 1mo ago on Aug 31, 2026· 66m 53s· 2 players
Game mode
Random Map
Map size
Tiny (2 player)
Population
200
Speed
Normal
Resources
Standard
Victory
Conquest
Starting age
Dark Age
Ending age
Imperial Age
RankedLock teamsTeams togetherTeam positionsShared explorationLock speedFull tech treeHidden civsTurbo modeCheats
Victory
Defeat
🇬🇧 Goths · United Kingdom
1757
+17
🇬🇧 Vikings · United Kingdom
1773
-17
Mezzanine00
0:36 Loom
8:50 Feudal Age
9:54 Double-Bit Axe
14:08 Fletching
16:54 Wheelbarrow
20:12 Castle Age
18:51 Padded Archer Armor
19:19 Gold Mining
19:12 Horse Collar
20:49 Bodkin Arrow
22:05 Town Watch
21:49 Elite Skirmisher
23:15 Leather Archer Armor
23:23 Bow Saw
26:59 Scale Mail Armor
30:16 Squires
31:07 Forging
31:33 Chain Mail Armor
33:12 Hand Cart
33:52 Iron Casting
37:37 Imperial Age
40:25 Chemistry
39:55 Anarchy
40:32 Conscription
40:10 Stone Mining
40:27 Elite Huskarl
42:34 Ring Archer Armor
43:55 Heavy Plow
46:00 Blast Furnace
46:18 Bracer
47:48 Pikeman
48:36 Scale Barding Armor
49:47 Chain Barding Armor
50:49 Bloodlines
50:40 Husbandry
50:00 Light Cavalry
51:43 Hussar
53:25 Two-Man Saw
52:57 Crop Rotation
54:43 Man-at-Arms
55:56 Long Swordsman
56:59 Two-Handed Swordsman
57:48 Perfusion
57:48 Capped Ram
57:53 Champion
60:06 Stone Shaft Mining
60:23 Ballistics
60:14 Masonry
62:08 Town Patrol
Ronnie Hotdogs
5:38 Loom
8:48 Feudal Age
9:18 Double-Bit Axe
18:22 Castle Age
17:31 Fletching
17:58 Gold Mining
18:24 Crossbowman
19:02 Bodkin Arrow
20:19 Padded Archer Armor
21:01 Horse Collar
24:12 Scale Barding Armor
27:32 Heavy Plow
28:10 Chain Barding Armor
29:48 Gold Shaft Mining
30:13 Forging
31:02 Scale Mail Armor
31:38 Iron Casting
31:17 Stone Mining
36:01 Imperial Age
35:06 Man-at-Arms
35:46 Squires
35:32 Gambesons
37:42 Blast Furnace
37:06 Bracer
36:27 Arbalester
37:35 Bow Saw
38:51 Chemistry
37:33 Long Swordsman
38:31 Chain Mail Armor
39:12 Two-Handed Swordsman
40:52 Plate Mail Armor
40:57 Conscription
42:26 Elite Skirmisher
44:06 Ballistics
44:45 Chieftains
45:33 Leather Archer Armor
45:22 Elite Berserk
51:25 Town Watch
52:38 Ring Archer Armor
54:22 Arson
55:35 Crop Rotation
56:53 Masonry
57:19 Pikeman
65:37 Hoardings
Connection lost

Rejoining the realm…

Still unreachable

The connection could not be restored.

Session expired

The server has moved on; the page needs a fresh start.